 Dungeon Crawl Stone Soup version 0.28.0-47-ge53b351184 (webtiles) character file.

Game seed: 17050932525090363439

134 greasedhog the Stinger (level 5, -1/35 HPs)
             Began as a Formicid Venom Mage on May 11, 2022.
             Slain by a bullfrog skeleton (2 damage)
             ... on level 6 of the Dungeon.
             The game lasted 00:09:36 (3107 turns).

greasedhog the Stinger (Formicid Venom Mage)        Turns: 3107, Time: 00:09:37

Health: -1/35      AC:  5    Str: 12    XL:     5   Next: 40%
Magic:  8/8        EV: 12    Int: 19    God:
Gold:   143        SH:  0    Dex: 13    Spells: 2/8 levels left

rFire   . . .      SeeInvis +   i - +0 short sword
rCold   . . .      Faith    .   (no shield)
rNeg    . . .      Spirit   .   a - +0 robe
rPois   .          Reflect  .   (helmet unavailable)
rElec   .          Harm     .   (no cloak)
rCorr   .          Rampage  .   l - +2 pair of gloves
Will    .....      Clarity  +   (no boots)
Stlth   ++........              b - amulet of the acrobat
HPRegen 0.11/turn               (no ring)
MPRegen 0.11/turn               (no ring)

@: studying Evocations
A: permanent stasis, dig shafts and tunnels, antennae 3, four strong arms, agile
1, clarity, clever 1, mutation resistance 1
a: Dig, Shaft Self


You were on level 6 of the Dungeon.
You visited 1 branch of the dungeon, and saw 5 of its levels.

You collected 143 gold pieces.

Inventory:

Hand Weapons
 c - a +0 dagger
 i - a +0 short sword (weapon)
Armour
 a - a +0 robe (worn)
 l - a +2 pair of gloves (worn)
Jewellery
 b - an amulet of the acrobat (around neck)
 e - an amulet of reflection
 k - a +6 ring of intelligence
 m - a ring of flight
Scrolls
 d - a scroll of enchant armour {unknown}
 f - a scroll of vulnerability {unknown}
 h - a scroll of acquirement {unknown}
 n - a scroll of amnesia {unknown}
 q - a scroll of teleportation {unknown}
Potions
 g - a potion of brilliance {unknown}
 j - a potion of degeneration {unknown}
 o - a potion of lignification {unknown}
 p - a potion of haste {unknown}


   Skills:
 - Level 0.3 Short Blades
 - Level 1.7 Dodging
 - Level 2.4 Stealth
 - Level 2.4 Spellcasting
 - Level 0.4 Conjurations
 - Level 1.1 Transmutations
 - Level 0.1 Air Magic
 * Level 7.1 Poison Magic


You had 2 spell levels left.
You knew the following spells:

 Your Spells              Type           Power      Damage    Failure   Level
a - Sting                 Tmut/Pois      72%        1d6       3%          1
b - Poisonous Vapours     Pois/Air       32%        N/A       5%          2
c - Mephitic Cloud        Conj/Pois/Air  12%        N/A       17%         3

Your spell library contained the following spells:

 Spells                   Type           Power      Damage    Failure   Level
 Olgreb's Toxic Radiance  Pois           29%        N/A       9%          4
 Call Canine Familiar     Summ           2%         N/A       43%         3
 Portal Projectile        Hex/Tloc       4%         N/A       43%         3
 Animate Dead             Necr           1%         N/A       85%         4
 Leda's Liquefaction      Hex/Erth       1%         N/A       85%         4
 Haunt                    Necr/Summ      1%         N/A       100%        7
 Infestation              Necr           1%         N/A       100%        8


Dungeon Overview and Level Annotations

Branches:
Dungeon (4/15)
 Temple: D:4-7

Altars:

Shops:
D:1 (   D:2 (


Innate Abilities, Weirdness & Mutations

You cannot be hasted, slowed, berserked, paralysed or teleported.
You can dig through walls and to a lower floor.
You have a pair of large antennae on your head. (SInv)
Your four strong arms can wield two-handed weapons with a shield.
You are agile. (Dex +2)
You possess an exceptional clarity of mind.
Your mind is acute. (Int +2)
You are somewhat resistant to further mutation.


Message History

The bullfrog skeleton hits you.
* * * LOW HITPOINT WARNING * * *
The bullfrog skeleton hits you.
* * * LOW HITPOINT WARNING * * *
You hit the bullfrog skeleton.
The bullfrog skeleton is moderately damaged.
The bullfrog skeleton closely misses you.
You hit the bullfrog skeleton.
The bullfrog skeleton is heavily damaged.
The bullfrog skeleton barely misses you.
The bullfrog skeleton hits you but does no damage.
You hit the bullfrog skeleton.
The bullfrog skeleton is heavily damaged.
The bullfrog skeleton hits you but does no damage.
You hit the bullfrog skeleton.
The bullfrog skeleton is severely damaged.
The bullfrog skeleton misses you.
The bullfrog skeleton barely misses you.
You hit the bullfrog skeleton.
The bullfrog skeleton is severely damaged.
The bullfrog skeleton closely misses you.
You hit the bullfrog skeleton.
The bullfrog skeleton is severely damaged.
The bullfrog skeleton closely misses you.
You barely miss the bullfrog skeleton.
The bullfrog skeleton is severely damaged.
The bullfrog skeleton barely misses you.
The bullfrog skeleton hits you.
* * * LOW HITPOINT WARNING * * *
You hit the bullfrog skeleton.
The bullfrog skeleton is almost destroyed.
The bullfrog skeleton closely misses you.
You hit the bullfrog skeleton.
The bullfrog skeleton is almost destroyed.
The bullfrog skeleton misses you.
The bullfrog skeleton hits you but does no damage.
You barely miss the bullfrog skeleton.
The bullfrog skeleton is almost destroyed.
The bullfrog skeleton hits you.
You die...

..#.h########
##...........#
.............###
##)............
.............#
#.(........###
#............##
#..........#..##
#..........##Z@#
################


You could see a bullfrog skeleton.

Vanquished Creatures
  2 orc wizards
  2 adders
  An ufetubus (D:3)
  A worm (D:3)
  A dart slug (D:1)
  4 orcs
  2 endoplasms
  2 giant cockroaches
  3 goblins
  5 hobgoblins
  A jackal (D:4)
  3 quokkas
  7 ball pythons
  4 bats
  3 frilled lizards
  6 kobolds
  6 rats
53 creatures vanquished.

Notes
Turn   | Place    | Note
-------+----------+-------------------------------------------
     0 | D:1      | greasedhog the Formicid Venom Mage began the quest for the
                  | Orb.
     0 | D:1      | Reached XP level 1. HP: 13/13 MP: 3/3
   379 | D:1      | Reached XP level 2. HP: 17/19 MP: 3/5
   662 | D:1      | Found Jiygaq's Antique Weapon Shoppe.
   743 | D:1      | Reached skill level 5 in Poison Magic
   846 | D:1      | Learned a level 2 spell: Poisonous Vapours
  1017 | D:2      | Reached XP level 3. HP: 24/24 MP: 3/6
  1184 | D:2      | Learned a level 3 spell: Mephitic Cloud
  1530 | D:2      | Found Uvergh's Antique Weapon Shop.
  1627 | D:2      | Gained mutation: You have sharp toenails. [potion of
                  | mutation]
  1627 | D:2      | Gained mutation: You are frail. (-10% HP) [potion of
                  | mutation]
  1627 | D:2      | Gained mutation: Your movements are slightly less
                  | encumbered by armour. (ER -2) [potion of mutation]
  1628 | D:2      | Lost mutation: You are frail. (-10% HP) [potion of
                  | mutation]
  1628 | D:2      | Lost mutation: You have sharp toenails. [potion of
                  | mutation]
  1628 | D:2      | Lost mutation: Your movements are slightly less encumbered
                  | by armour. (ER -2) [potion of mutation]
  1628 | D:2      | Gained mutation: You are agile. (Dex +2) [potion of
                  | mutation]
  1628 | D:2      | Gained mutation: Your mind is acute. (Int +2) [potion of
                  | mutation]
  1628 | D:2      | Gained mutation: You are somewhat resistant to further
                  | mutation. [potion of mutation]
  1628 | D:2      | Gained mutation: You possess an exceptional clarity of
                  | mind. [potion of mutation]
  1804 | D:3      | Found a faded altar of an unknown god.
  1949 | D:3      | Reached skill level 6 in Poison Magic
  1949 | D:3      | Reached XP level 4. HP: 30/30 MP: 1/7
  2756 | D:4      | Reached XP level 5. HP: 26/35 MP: 3/8
  2933 | D:4      | Reached skill level 7 in Poison Magic
  3081 | D:4      | You fall into a shaft and drop 2 floors!
  3104 | D:6      | HP: 1/35 [bullfrog skeleton (4)]
  3107 | D:6      | Slain by a bullfrog skeleton

Illustrated notes

Levels and vault maps discovered:
D:1:      saegor_arrival_miasma, layout_rooms, serial_shops, nicolae_shop_trees
D:2:      layout_basic, serial_shops, shop_statue, minivault_25
D:3:      layout_loops_ring, shapermc_ecumenical_altar_acropolis, nrook_uturn,
          st_stairs_4
D:4:      layout_basic, minmay_temple_entry_ruins, st_stairs_2, dk_vineyard_3,
          minmay_manual_moon, uniq_robin
D:6:      layout_rooms, zin_statuary, portal_sewer_entry_f, minmay_checkerbox

Skill      XL: |  1  2  3  4  5 |
---------------+----------------+-----
Poison Magic   | 5 6 7 |  7.1
Short Blades   | |  0.3
Dodging        | |  1.7
Stealth        | |  2.4
Spellcasting   | |  2.4
Conjurations   | |  0.4
Transmutations | |  1.1
Air Magic      | |  0.1

Action                   |  1- 3 |  4- 6 || total
-------------------------+-------+-------++-------
Melee: Whip              |     8 |       ||     8
       Unarmed           |     2 |       ||     2
       Dagger            |    61 |    37 ||    98
       Short sword       |       |    14 ||    14
 Cast: Sting             |    27 |    24 ||    51
       Poisonous Vapours |     1 |     3 ||     4
       Mephitic Cloud    |       |     2 ||     2
 Abil: Shaft Self        |       |     1 ||     1
  Use: Scroll            |     2 |       ||     2
       Potion            |     2 |       ||     2
 Stab: Sleeping          |     2 |       ||     2
Armor: Robe              |    15 |    14 ||    29
Dodge: Dodged            |    48 |    73 ||   121
